 Dungeon Crawl Stone Soup version 0.18-a0-739-gdae9da8 (webtiles) character file.

392 benitares the Insei (level 6, -1/47 HPs)
             Began as a Demonspawn Monk on Dec 10, 2015.
             Slain by an orc
             ... wielding a +0 mace
              (6 damage)
             ... on level 4 of the Dungeon.
             The game lasted 00:08:34 (5108 turns).

benitares the Insei (Demonspawn Monk)               Turns: 5108, Time: 00:08:34

Health: -1/47      AC:  5    Str: 11    XL:     6   Next: 50%
Magic:  6/6        EV: 13    Int: 14    God:
Gold:   284        SH:  0    Dex: 18    Spells: 0 memorised, 5 levels left

rFire  + . .     SeeInvis .       - Unarmed
rCold  . . .     Clarity  .     a - +1 robe
rNeg   . . .     SustAt   .     (no shield)
rPois  .         Gourm    .     (helmet restricted)
rElec  .         Spirit   .     (no cloak)
rCorr  .         Dismiss  .     (no gloves)
rMut   .         Stasis   .     j - +0 pair of boots
MR     .....                    h - amulet of inaccuracy (curse)
Stlth  ++........               (no ring)
                                q - +3 ring of intelligence

@: flying, not resistant to hostile enchantments, unstealthy
A: antennae 1, molten scales 1, fire resistance 1, powered by pain 1
a: no special abilities


You were on level 4 of the Dungeon.
You were very hungry.

You visited 1 branch of the dungeon, and saw 4 of its levels.

You collected 284 gold pieces.

Inventory:

Armour
 a - a +1 robe (worn)
 j - a +0 pair of boots (worn)
Jewellery
 c - an uncursed ring of wizardry
 h - a cursed amulet of inaccuracy (around neck)
 q - a +3 ring of intelligence (left hand)
Wands
 r - a wand of disintegration (13)
Scrolls
 e - a scroll of recharging {unknown}
 g - a scroll of magic mapping
Potions
 f - 3 potions of cancellation
 k - a potion of might
 l - a potion of lignification
 o - a potion of agility {unknown}
 p - a potion of resistance
 s - a potion of heal wounds {unknown}
Comestibles
 b - 4 bread rations
 n - a beef jerky


   Skills:
 - Level 3.0 Fighting
 - Level 2.6 Dodging
 - Level 1.7 Stealth
 + Level 7.2 Unarmed Combat


You had 5 spell levels left.
You didn't know any spells.

Dungeon Overview and Level Annotations

Branches:
Dungeon (4/15)
 Temple: D:4-7

Altars:
Xom
The Shining One

Annotations:
D:4 Borgoz's ghost, amateur KoAs


Innate Abilities, Weirdness & Mutations

You have a pair of small antennae on your head.
You are partially covered in molten scales (AC +1).
Your flesh is heat resistant.
You sometimes gain a little power by taking damage.


Message History

You feel very buoyant.
You fly up into the air.
The orc wizard hits you but does no damage.
The orc hits you but does no damage. The orc closely misses you.
Drink which item? (? for menu, Esc to quit)
It was a potion of curing.
You feel better. The orc misses you. The orc wizard barely misses you.
The orc closely misses you.
You punch the orc wizard!
You kill the orc wizard!
The orc hits you.
* * * LOW HITPOINT WARNING * * *
You hit the orc but do no damage. The orc hits you with a mace.
* * * LOW HITPOINT WARNING * * *
The orc hits you.
* * * LOW HITPOINT WARNING * * *
The adder skeleton barely misses you.
You punch the orc!
You kill the orc!
The orc hits you with a mace.
You die...

#....#### .........#
#...## .........#
##..# .%.......# #..#
.........# #..########
.........# #..##.....#
.........# #.........#
.o.......# #........##
........# #.@......#
........# #Z[o....## #
.....ooJ# #..#....# ##
.....{.## ##......##
##. ....s.o#
####....#..# ##..
.....%.####.[......###
#...
......#........###..#
.S.. ###........#####
#... #... ###...####
#... ....


You could see an orc and an adder skeleton.

Vanquished Creatures
  A scorpion (D:4)
  A hound (D:4)
  An orc priest (D:3)
  2 orc wizards
  2 worker ants
  A hound skeleton (D:4)
  5 adders
  3 oozes
  A worm (D:3)
  2 giant geckos (D:2)
  11 orcs
  4 giant cockroaches
  12 goblins
  7 hobgoblins
  16 jackals
  6 kobolds
  2 quokkas
  2 ball pythons
  8 bats
  A giant gecko skeleton (D:4)
  4 giant newts
  7 rats
99 creatures vanquished.

Notes
Turn   | Place    | Note
--------------------------------------------------------------
     0 | D:1      | benitares the Demonspawn Monk began the quest for the Orb.
     0 | D:1      | Reached XP level 1. HP: 18/18 MP: 1/1
   211 | D:1      | Reached skill level 4 in Unarmed Combat
   326 | D:1      | Gained mutation: You are partially covered in molten scales (AC +1). [demonic ancestry]
   326 | D:1      | Reached XP level 2. HP: 24/24 MP: 2/2
   979 | D:1      | Reached XP level 3. HP: 29/29 MP: 3/3
  1021 | D:2      | Found a shimmering altar of Xom.
  1313 | D:2      | Reached skill level 5 in Unarmed Combat
  1458 | D:2      | Gained mutation: Your flesh is heat resistant. [demonic ancestry]
  1458 | D:2      | Reached XP level 4. HP: 25/35 MP: 4/4
  1675 | D:2      | Found a glowing golden altar of the Shining One.
  2519 | D:3      | Gained mutation: You have a pair of small antennae on your head. [demonic ancestry]
  2519 | D:3      | Reached XP level 5. HP: 28/41 MP: 5/5
  2772 | D:3      | Reached skill level 6 in Unarmed Combat
  4064 | D:4      | Gained mutation: You sometimes gain a little power by taking damage. [demonic ancestry]
  4064 | D:4      | Reached XP level 6. HP: 34/47 MP: 6/6
  4668 | D:4      | Reached skill level 7 in Unarmed Combat
  4954 | D:4      | Noticed Borgoz's ghost (amateur KoAs)
  5108 | D:4      | Slain by an orc

Vault maps used:
D:1:      scummos_arrival_simple_crosswalls
D:2:      nicolae_tso_carved_into_rock, lemuel_doored_altar
D:3:      serial_forest, infiniplex_forest_zigzag_2,
          infiniplex_forest_lined_room_, infiniplex_forest_clump_double,
          infiniplex_forest_corner_1, infiniplex_forest_zigzag_1,
          infiniplex_forest_clump_curved

Action                   |  1- 3 |  4- 6 || total
-------------------------+-------+-------++-------
Melee: Unarmed           |   140 |   284 ||   424
  Use: Potion            |     1 |     8 ||     9
       Scroll            |     1 |     8 ||     9
 Stab: Sleeping          |     6 |     4 ||    10
       Distracted        |     1 |       ||     1
  Eat: Chunk             |     1 |    11 ||    12
